Map: Kairos Junction LE

Players

HellraiseR

  • Race: Protoss Protoss
  • League: Master
  • Spawn Location: 5:00

Elazer - Winner!

  • Race: Zerg Zerg
  • Spawn Location: 11:00

Event: 2019 WCS Winter Europe

VOD

Have the link to the VOD?

Description

Time

  • Played on: Feb. 16, 2019, 9:44 a.m.
  • Length: 5:26

All games in this series

Show
View Real Time Build Order
Export as new Build Order

HellraiseR Protoss 

Build Orders: Cannon Rush, Oracle Opening 

Get SALT Encoding   

  12  0:00  Probe  
  13  0:12  Probe  
  14  0:19  Pylon  
  14  0:21  Probe  
  15  0:33  Probe  
  15  0:38  Gateway  
  16  0:44  Probe  
  16  0:46  Assimilator  
  17  0:56  Probe  
  18  1:04  Forge  
  19  1:13  Pylon  
  18  1:19  Probe  
  19  1:32  Cybernetics Core  
  19  1:40  Photon Cannon  
  19  1:42  Pylon  
  19  1:48  Photon Cannon  
  19  1:49  Pylon  
  19  1:57  Photon Cannon  
  19  1:58  Probe  
  20  2:07  Adept  
  20  2:08  Nexus  
  20  2:20  Probe  
  23  2:32  Pylon  
  23  2:35  Stargate  
  23  2:45  Probe  
  23  2:46  Assimilator  
  23  2:47  Pylon  
  23  2:49  Warp Gate  
  23  3:02  Probe  
  23  3:10  Probe  
  26  3:13  Oracle  
  26  3:16  Probe  
  25  3:20  Probe  
  25  3:24  Probe  
  30  3:32  Probe  
  30  3:33  Gateway  
  32  3:34  Probe  
  32  3:41  Gateway  
  33  3:44  Probe  
  33  3:47  Probe  
  35  3:48  Oracle  
  38  3:57  Probe  
  38  3:59  Probe  
  40  4:07  Pylon  
  40  4:09  Probe  
  41  4:12  Probe  
  41  4:15  Shield Battery  
  42  4:21  Probe  
  43  4:24  Probe  
  46  4:34  Shield Battery  
  46  4:37  Adept x2  
  48  4:41  Stalker  
  32  4:58  Zealot, Pylon  
  32  4:59  Zealot  
  28  5:09  Cybernetics Core  
  28  5:15  Zealot  
  28  5:20  Zealot  
Show
View Real Time Build Order
Export as new Build Order

Elazer Zerg - Winner!

Build Orders: Pool First 

Get SALT Encoding   

  12  0:00  Drone  
  13  0:12  Overlord  
  13  0:16  Drone  
  14  0:30  Drone x2  
  14  0:35  Drone  
  17  0:44  Extractor, Drone  
  17  0:48  Spawning Pool  
  16  0:55  Drone  
  17  1:18  Drone  
  18  1:35  Queen, Zergling x4  
  22  1:58  Hatchery  
  22  1:59  Zergling x2  
  22  2:06  Metabolic Boost, Overlord  
  22  2:26  Drone x2  
  22  2:27  Drone  
  24  2:45  Lair, Overlord  
  24  2:47  Zergling x2  
  24  2:48  Zergling x2  
  26  2:51  Zergling x2  
  27  3:02  Overlord  
  27  3:10  Queen  
  27  3:11  Zergling x2  
  30  3:18  Zergling x4  
  32  3:22  Zergling x2  
  33  3:29  Zergling x6  
  36  3:37  Zergling x2  
  37  3:43  Nydus Network  
  36  3:50  Queen  
  36  3:55  Zergling x2  
  38  4:12  Zergling x12  
  44  4:21  Nydus Canal  
  44  4:23  Zergling x4  
  41  4:32  Zergling x2  
  39  4:39  Zergling x2  
  38  4:51  Zergling x2  
  28  4:57  Zergling x2  
  28  5:04  Nydus Canal  
Tags
 
Add a new tag
Caveats
  • Supply blocks, unpowered buildings, or Contaminate may cause inaccurate times.
  • Supply counts are checked every 10 seconds.